 Dungeon Crawl Stone Soup version 0.22.1-1-ga44c0e5 (webtiles) character file.

52 Jamjie98 the Firebug (level 3, 0/26 HPs)
             Began as a Draconian Fire Elementalist on Sept 30, 2018.
             Succumbed to an adder's poison
             ... on level 3 of the Dungeon.
             The game lasted 00:21:03 (1851 turns).

Jamjie98 the Firebug (Draconian Fire Elementalist)  Turns: 1851, Time: 00:21:03

Health: 0/26       AC:  5    Str: 10    XL:     3   Next: 60%
Magic:  1/6        EV: 12    Int: 16    God:
Gold:   50         SH:  0    Dex: 11    Spells: 0/6 levels left

rFire    . . .     SeeInvis .   c - +0 dagger
rCold    . . .     Gourm    .   (no shield)
rNeg     . . .     Faith    .   (armour unavailable)
rPois    .         Spirit   .   (helmet restricted)
rElec    .         Reflect  .   (no cloak)
rCorr    .         Harm     .   (no gloves)
MR       .....                  (no boots)
Stlth    ++........             (no amulet)
HPRegen  0.08/turn              (no ring)
MPRegen  0.10/turn              (no ring)

@: lethally poisoned (0 -> -2), about to teleport, very slightly contaminated
A: unfitting armour, cold-blooded, AC +5
a: no special abilities


You were on level 3 of the Dungeon.
You were not hungry.

You visited 1 branch of the dungeon, and saw 3 of its levels.

You collected 50 gold pieces.

Inventory:

Hand Weapons
 c - a +0 dagger (weapon)
 d - a +0 whip
 e - a +0 whip
 j - a +0 dagger
 l - a +0 hunting sling
Missiles
 g - 101 stones (quivered)
 i - 20 poisoned needles
 n - 4 curare-tipped needles
 o - 26 arrows
Armour
 f - a +0 leather armour
 h - a +0 ring mail
 m - a +0 plate armour
Scrolls
 k - 2 scrolls of teleportation
Comestibles
 a - 2 chunks of flesh
 b - 4 rations


   Skills:
 + Level 2.1 Dodging
 + Level 1.9 Stealth
 + Level 2.4 Spellcasting
 + Level 1.4 Conjurations
 + Level 3.9 Fire Magic


You couldn't memorise any spells.
You knew the following spells:

 Your Spells              Type           Power        Failure   Level  Hunger
a - Flame Tongue          Conj/Fire      ##...        7%          1    #......
b - Throw Flame           Conj/Fire      ##....       10%         2    ###....
c - Inner Flame           Hex/Fire       #.......     26%         3    ###....

Your spell library contained the following spells:

 Spells                   Type           Power        Failure   Level  Hunger
 Conjure Flame            Conj/Fire      ##......     21%         3    ###....
 Sticky Flame             Conj/Fire      ##......     54%         4    #####..
 Fireball                 Conj/Fire      ##........   88%         5    ######.


Dungeon Overview and Level Annotations

Branches:
Dungeon (3/15)

Altars:
Ashenzari
Yredelemnul


Innate Abilities, Weirdness & Mutations

Your plain brown scales are hard. (AC +5)
You cannot fit into any form of body armour.
You are cold-blooded and may be slowed by cold attacks.


Message History

The flame tongue misses the adder.
The adder bites you but does no damage. The adder bites you.
The adder bites you.
* * * LOW HITPOINT WARNING * * *
Casting: Flame Tongue (safe; 7% risk of failure)
Confirm with . or Enter, or press ? or * to list all spells.
You don't have enough magic to cast that spell.
You miss the adder.
The adder is moderately wounded.
You feel sick. The adder closely misses you.
You barely miss the adder.
The adder is moderately wounded.
The adder bites you.
* * * LOW HITPOINT WARNING * * *
The adder closely misses you.
Unknown command.
As you read the scroll of teleportation, it crumbles to dust.
You feel strangely unstable. The adder bites you.
* * * LOW HITPOINT WARNING * * *
You die...

....#
#...#
#...# #
#...#
#.#...#
#.#.#.#
#...S.# #
#..#.##.#
#...@..[#
##.#.####
#.#.# .
#.# ##
#.# #.#
#.# #.#
######.#


You could see an adder.

Vanquished Creatures
  2 adders (D:2)
  2 worms (D:2)
  A ball python (D:1)
  2 giant cockroaches
  4 goblins
  3 hobgoblins (D:1)
  A quokka (D:2)
  2 bats (D:1)
  4 frilled lizards
  3 kobolds (D:1)
  5 rats (D:1)
29 creatures vanquished.

Notes
Turn   | Place    | Note
-------+----------+-------------------------------------------
     0 | D:1      | Jamjie98 the Draconian Fire Elementalist began the quest
                  | for the Orb.
     0 | D:1      | Reached XP level 1. HP: 14/14 MP: 3/3
   233 | D:1      | Reached XP level 2. HP: 20/20 MP: 3/5
   255 | D:1      | Learned a level 2 spell: Throw Flame
   295 | D:1      | Found a shattered altar of Ashenzari.
   870 | D:2      | Reached XP level 3. HP: 20/26 MP: 0/6
  1086 | D:2      | Learned a level 3 spell: Inner Flame
  1784 | D:3      | Found a basalt altar of Yredelemnul.
  1849 | D:3      | HP: 1/26 [adder (1)]
  1851 | D:3      | Succumbed to an adder's poison

Skill      XL: |  1  2  3 |
---------------+----------+-----
Dodging        | 2 |  2.1
Stealth        | |  1.9
Spellcasting   | |  2.4
Conjurations   | |  1.4
Fire Magic     | |  3.9

Action                   || total
-------------------------++-------
Melee: Tailslap          ||     5
       Unarmed           ||     1
       Dagger            ||    41
 Fire: Hunting sling     ||     5
 Cast: Flame Tongue      ||    50
       Throw Flame       ||     8
  Use: Scroll            ||     5
       Potion            ||     2
  Eat: Chunk             ||     4
Armor: Skin              ||    15
Dodge: Dodged            ||    40
